 Dungeon Crawl Stone Soup version 0.29.1-15-g9cfb28693d (webtiles) character file.

Game seed: 2136155225194566668

116 shadowmeld the Magician (level 5, -7/36 HPs)
             Began as a Djinni Fire Elementalist on Apr 11, 2023.
             Was an Initiate of Ashenzari.
             Mangled by a black bear (8 damage)
             ... on level 4 of the Dungeon.
             The game lasted 00:19:19 (3445 turns).

shadowmeld the Magician (Djinni Fire Elementalist)  Turns: 3445, Time: 00:19:19

Health: -7/36      AC:  2    Str:  7    XL:     5   Next: 21%
Gold:   114        EV: 12    Int: 18    God:    Ashenzari [......] SH:  0 Dex: 14

rFire   + + .      SeeInvis .   (no weapon)
rCold   x . .      Faith    .   (no shield)
rNeg    . . .      Spirit   .   a - +0 robe
rPois   ∞          Reflect  .   (no helmet)
rElec   .          Harm     .   (no cloak)
rCorr   .          Rampage  .   (no gloves)
Will    .....                   (boots unavailable)
Stlth   ++........              (no amulet)
HPRegen 0.12/turn               (no ring)
MPRegen 0.00/turn               (no ring)

@: flying
A: sickness immunity, fire resistance 2, cold vulnerability 1, float, innate
caster, HP casting, extra vitality 1
a: Renounce Religion


You were on level 4 of the Dungeon.
You worshipped Ashenzari.
Ashenzari was noncommittal.
You visited 2 branches of the dungeon, and saw 5 of its levels.

You collected 114 gold pieces.

Inventory:

Missiles
 e - 33 stones
Armour
 a - a +0 robe (worn)
Scrolls
 b - 2 scrolls of enchant weapon {unknown}
 f - 4 scrolls of identify {unknown}
 g - 2 scrolls of blinking {unknown}
 n - a scroll of magic mapping {unknown}
 o - a scroll of acquirement {unknown}
 p - a scroll of vulnerability {unknown}
Potions
 c - a potion of mutation {unknown}
 d - 2 potions of haste {unknown}
 h - 2 potions of brilliance {unknown}
 i - 2 potions of heal wounds {unknown}
 j - a potion of ambrosia {unknown}
 k - 2 potions of curing {unknown}
 l - a potion of attraction {unknown}
 m - a potion of flight {unknown}
 q - a potion of resistance {unknown}


   Skills:
 * Level 0.8 Fighting
 + Level 2.5 Dodging
 - Level 2.0 Stealth
 * Level 3.9 Spellcasting


You couldn't memorise any spells.
You knew the following spells:

 Your Spells              Type           Power      Damage    Failure   Level
a - Foxfire               Conj/Fire      68%        2x1d7     3%          1
b - Scorch                Fire           34%        2d7       4%          2
c - Conjure Flame         Conj/Fire      17%        6-21      9%          3
d - Inner Flame           Hex/Fire       17%        N/A       9%          3
e - Flame Wave            Conj/Fire      17%        2d7       28%         4
f - Magic Dart            Conj           68%        1d6       3%          1
g - Static Discharge      Conj/Air       17%        3-6/arc   4%          2
Your spell library was empty.

Dungeon Overview and Level Annotations

Branches:
Dungeon (4/15)             Temple (1/1) D:4

Altars:
Ashenzari
Cheibriados
Makhleb
Ru
Trog
Uskayaw
Wu Jian
Zin
The Shining One

Shops:
D:4 (


Innate Abilities, Weirdness & Mutations

You are immune to sickness and miasma.
You are immune to poison.
Your flesh is very heat resistant. (rF++)
You are vulnerable to cold. (rC-)
You float through the air rather than walking.
You learn spells naturally, not from books.
Your magical power is your life essence.
You have superior vitality. (+4 MHP)


Message History

Okay, then.
Casting: Magic Dart (safe; 3% risk of failure)
Confirm with . or Enter, or press ? or * to list all spells.
Flames lash the adder.
You kill the adder!
The black bear bites you!
The black bear claws you but does no damage.
The black bear misses you.
Casting: Scorch (safe; 4% risk of failure)
Confirm with . or Enter, or press ? or * to list all spells.
Flames lash the black bear.
The black bear is lightly wounded.
The black bear's fire resistance burns away.
The black bear closely misses you. The black bear claws you.
The black bear barely misses you.
Casting: Scorch (safe; 4% risk of failure)
Confirm with . or Enter, or press ? or * to list all spells.
Flames lash the black bear.
The black bear is burned terribly!
The black bear is lightly wounded.
The black bear completely misses you. The black bear claws you. x2
You barely miss the black bear.
The black bear is lightly wounded.
The black bear bites you.
* * * LOW HITPOINT WARNING * * *
The black bear claws you.
* * * LOW HITPOINT WARNING * * *
The black bear barely misses you.
The black bear attacks as you move away!
The black bear bites you.
* * * LOW HITPOINT WARNING * * *
The black bear barely misses you. The black bear claws you.
* * * LOW HITPOINT WARNING * * *
The black bear attacks as you move away!
The black bear bites you.
* * * LOW HITPOINT WARNING * * *
The black bear closely misses you. x2
The black bear is no longer more vulnerable to fire.
The black bear attacks as you move away!
The black bear bites you!
You die...

#....# #
#.#### # #.#
# #.## #
#..## #
#...## #
##...##
###...##
#.##@..# #.
##h.# . #.
#..###..# #.
##......#
#†##...#####
#.....##
#....##
######


You could see a black bear.

Vanquished Creatures
  6 adders
  2 worms (D:3)
  2 dart slugs
  An orc (D:4)
  4 ball pythons
  8 bats
  4 endoplasms
  5 hobgoblins
  4 jackals (D:4)
  A quokka (D:1)
  3 frilled lizards
  5 goblins
  A kobold (D:1)
  5 rats
51 creatures vanquished.

Vanquished Creatures (others)
  52 foxfires
52 creatures vanquished.

Grand Total: 103 creatures vanquished

Notes
Turn   | Place    | Note
-------+----------+-------------------------------------------
     0 | D:1      | shadowmeld the Djinni Fire Elementalist began the quest for
                  | the Orb.
     0 | D:1      | shadowmeld set off with the following spells memorised:
                  | Foxfire, Scorch, Conjure Flame, Inner Flame, Flame Wave.
     0 | D:1      | Reached XP level 1. HP: 15/15 MP: 0/0
   400 | D:1      | Reached XP level 2. HP: 4/21 MP: 0/0
   997 | D:1      | Reached skill level 3 in Spellcasting
  1272 | D:2      | Reached XP level 3. HP: 22/25 MP: 0/0
  1272 | D:2      | Learned a level 1 spell: Magic Dart
  1534 | D:2      | Reached XP level 4. HP: 25/31 MP: 0/0
  1987 | D:3      | Found a faded altar of an unknown god.
  2870 | D:4      | Reached XP level 5. HP: 21/36 MP: 0/0
  2870 | D:4      | Learned a level 2 spell: Static Discharge
  3126 | D:4      | Found a staircase to the Ecumenical Temple.
  3160 | Temple   | Entered the Ecumenical Temple
  3205 | Temple   | Became a worshipper of Ashenzari the Shackled
  3256 | D:4      | Found Cafootur's Antique Weapon Shop.
  3434 | D:4      | Noticed a black bear
  3442 | D:4      | HP: 1/36 [black bear (4)]
  3445 | D:4      | Mangled by a black bear

Illustrated notes

Levels and vault maps discovered:
D:1:      beargit_arrival_diablo_church, layout_basic
D:2:      layout_loops_ring
D:3:      layout_basic, shapermc_ecumenical_altar_mp_vishouse
D:4:      black_bear_nest_2, layout_rooms,
          minmay_temple_entry_statues_fountains, serial_glass, glass_columns_c,
          glass_columns_b, serial_shops, nicolae_shop_statue_plus
Temple:   nicolae_temple_hex_pool

Skill      XL: |  1  2  3 |
---------------+----------+-----
Spellcasting   | 3 |  3.9
Stealth        | 2 |  2.0
Fighting       | |  0.8
Dodging        | |  2.5

Action                   |  1- 3 |  4- 6 || total
-------------------------+-------+-------++-------
Melee: Unarmed           |       |     1 ||     1
 Cast: Foxfire           |    42 |       ||    42
       Magic Dart        |    21 |    68 ||    89
       Scorch            |       |     3 ||     3
Armor: Robe              |     7 |     2 ||     9
Dodge: Dodged            |    14 |    14 ||    28
